 Dungeon Crawl Stone Soup version 0.17-a0-2122-g03d97ec (webtiles) character file.

36 fredomojojo the Shield-Bearer (level 3, -1/33 HPs)
             Began as a Minotaur Fighter on Oct 21, 2015.
             Slain by a worm (7 damage)
             ... on level 1 of the Dungeon.
             The game lasted 00:07:52 (589 turns).

fredomojojo the Shield-Bearer (Minotaur Fighter)     Turns: 589, Time: 00:07:52

Health: -1/33      AC:  7    Str: 21    XL:     3   Next: 19%
Magic:  2/2        EV:  7    Int:  5    God:
Gold:   69         SH:  9    Dex: 11    Spells: 0 memorised, 2 levels left

rFire  . . .     SeeInvis .     q - +2 whip (elec)
rCold  . . .     Clarity  .     b - +0 scale mail
rNeg   . . .     SustAt   .     c - +0 shield
rPois  .         Gourm    .     (helmet restricted)
rElec  .         Spirit   .     (no cloak)
rCorr  .         Warding  .     (no gloves)
rMut   .         Stasis   .     (no boots)
MR     .....                    (no amulet)
Stlth  ..........               (no ring)
                                m - +2 ring of dexterity

@: not resistant to hostile enchantments, extremely unstealthy
A: retaliatory headbutt, horns 2
a: no special abilities


You were on level 1 of the Dungeon.
You were not hungry.

You visited 1 branch of the dungeon, and saw 2 of its levels.

You collected 69 gold pieces.

Inventory:

Hand Weapons
 a - a +0 war axe
 n - a +0 spear
 q - a +2 whip of electrocution (weapon)
Missiles
 f - 81 stones (quivered)
 h - 4 silver sling bullets
Armour
 b - a +0 scale mail (worn)
 c - a +0 shield (worn)
Jewellery
 m - a +2 ring of dexterity (left hand)
Scrolls
 i - a scroll of remove curse {unknown}
 j - a scroll of random uselessness {unknown}
 p - a scroll of magic mapping {unknown}
Potions
 d - a potion of might
 g - a potion of cancellation {unknown}
 k - 2 potions of haste {unknown}
Comestibles
 e - 2 bread rations
 l - a slice of pizza
 o - a beef jerky


   Skills:
 + Level 3.9 Fighting
 + Level 2.5 Axes
 + Level 0.4 Throwing
 + Level 4.2 Armour
 + Level 4.3 Shields


You had 2 spell levels left.
You didn't know any spells.

Dungeon Overview and Level Annotations

Branches:
Dungeon (2/15)

Altars:


Innate Abilities, Weirdness & Mutations

You reflexively headbutt those who attack you in melee.
You have a pair of horns on your head.


Message History

You kill the adder!
You climb downwards.
The worm barely misses you. You block the gnoll's attack.
There is a stone staircase leading up, spattered with blood here.
The gnoll hits you from afar with a spear!
The gnoll hits you with a whip!
* * * LOW HITPOINT WARNING * * *
You block the worm's attack.
You climb upwards.
There is a stone staircase leading down here.
You hit the gnoll.
There is a sudden explosion of sparks!
You kill the gnoll!
You have reached level 3!
Your experience leads to an increase in your attributes!
Your base attributes are Str 20, Int 5, Dex 9.
Increase (S)trength, (I)ntelligence, or (D)exterity?
You feel stronger.
You hit the worm.
The worm is lightly wounded.
The worm bites you!
You die...

#...######...######...##.....#
#'## ##>## ##'###.....# #..###
### ###..# #.....# ##...####
####...## #.....#
###....#####....### #.....##
####...#...#### #.....'.
###...### #.....## ###
#######.########## #.##### ..#
#........)@w.....###.#
#.####################.#...#
#.#....................#...#
#.#.####################...#
#.#................#.....#†#
#.################.#.###.#.######
#......................#.........
.....................#.#.........
###........................).....


You could see a worm.

Vanquished Creatures
  A gnoll (D:1)
  An adder (D:1)
  2 giant geckos (D:1)
  3 goblins (D:1)
  4 hobgoblins (D:1)
  A ball python (D:1)
  A bat (D:1)
  2 giant cockroaches (D:1)
  A giant newt (D:1)
  A kobold (D:1)
  A rat (D:1)
18 creatures vanquished.

Notes
Turn   | Place    | Note
--------------------------------------------------------------
     0 | D:1      | fredomojojo the Minotaur Fighter began the quest for the Orb.
     0 | D:1      | Reached XP level 1. HP: 19/19 MP: 0/0
   155 | D:1      | Reached skill level 4 in Armour
   184 | D:1      | Reached XP level 2. HP: 22/27 MP: 1/1
   588 | D:1      | Reached XP level 3. HP: 6/33 MP: 2/2
   589 | D:1      | Slain by a worm

Vault maps used:
D:1:      minmay_arrival_split_and_join
D:2:      gammafunk_temple_overflow_statue, first_bread,
          kennysheep_small_spiral, grunt_ministairs_6, uniq_jessica

Action                   || total
-------------------------++-------
Melee: War axe           ||    24
       Whip              ||     6
Throw: Stone             ||    35
